 Dungeon Crawl Stone Soup version 0.31-a0-801-gc67433417a (webtiles) character file.

Game seed: 4466548544020638080

985 Ivernyr the Slasher (level 8, -4/42 HPs)
             Began as a Vine Stalker Gladiator on Sept 20, 2023.
             Shot with an arrow by a centaur (14 damage)
             ... on level 5 of the Dungeon.
             The game lasted 00:09:26 (4097 turns).

Ivernyr the Slasher (Vine Stalker Gladiator)        Turns: 4097, Time: 00:09:27

Health: -4/42      AC:  8    Str: 18    XL:     8   Next: 18%
Magic:  0/9        EV: 13    Int:  8    God:
Gold:   129        SH:  0    Dex: 17    Spells: 7/7 levels left

rFire   . . .        a - +0 long sword
rCold   . . .        (no shield)
rNeg    . . .        b - +0 leather armour
rPois   .            c - +0 helmet
rElec   .            (no cloak)
rCorr   .            m - +2 pair of gloves
SInv    +            g - +0 pair of boots
Will    +....        (no amulet)
Stlth   +            n - ring of see invisible
HPRegen 1.07/turn    (no ring)
MPRegen 0.11/turn

%: guardian spirit
@: no status effects
A: fangs 3, regeneration 1, magic shield, antimagic bite, no potion heal 2
a: no special abilities


You were on level 5 of the Dungeon.
You visited 1 branch of the dungeon, and saw 5 of its levels.

You collected 129 gold pieces.

Inventory:

Hand Weapons
 a - a +0 long sword (weapon)
Missiles
 d - 4 throwing nets (quivered)
 e - a javelin
Armour
 b - a +0 leather armour (worn)
 c - a +0 helmet (worn)
 g - a +0 pair of boots (worn)
 m - a +2 pair of gloves (worn)
Jewellery
 n - a ring of see invisible (left hand)
Wands
 u - a wand of roots (7)
Scrolls
 f - 7 scrolls of identify {unknown}
 h - a scroll of fog {unknown}
 i - a scroll of enchant armour {unknown}
 k - a scroll of revelation {unknown}
 l - a scroll of amnesia {unknown}
 o - a scroll of silence {unknown}
 q - a scroll of brand weapon {unknown}
 r - a scroll of noise {unknown}
 v - a scroll of blinking {unknown}
 w - a scroll of fear {unknown}
 x - a scroll of vulnerability {unknown}
Potions
 j - a potion of ambrosia {unknown}
 p - a potion of attraction {unknown}
 s - 2 potions of degeneration {unknown}
 t - 2 potions of heal wounds {unknown}
 z - 2 potions of resistance {unknown}


   Skills:
 + Level 4.1 Fighting
 * Level 5.9 Long Blades
 - Level 1.7 Throwing
 + Level 3.1 Armour
 + Level 4.1 Dodging


You had 7 spell levels left.
You didn't know any spells.
Your spell library contained the following spells:

 Spells                   Type           Power      Damage    Failure   Level
 Magic Dart               Conj           0%         1d3       45%         1
 Call Imp                 Summ           0%         N/A       61%         2
 Call Canine Familiar     Summ           0%         N/A       83%         3
 Mephitic Cloud           Conj/Pois/Air  0%         N/A       83%         3
 Ozocubu's Armour         Ice            0%         N/A       83%         3
 Sigil of Binding         Hex            0%         N/A       83%         3
 Tukima's Dance           Hex            0%         N/A       83%         3
 Dimensional Bullseye     Hex/Tloc       0%         N/A       99%         4
 Iskenderun's Mystic Bla  Conj/Tloc      0%         2d3       99%         4
 Leda's Liquefaction      Hex/Erth       0%         N/A       99%         4
 Ozocubu's Refrigeration  Ice            0%         4d7       100%        7


Dungeon Overview and Level Annotations

Branches:
Dungeon (5/15)
 Temple: D:4-7

Altars:

Shops:
D:1 !

Annotations:
D:3 3 runed translucent doors, Heedrag's ghost, weakling DsSh


Innate Abilities, Weirdness & Mutations

You have razor-sharp teeth.
Your natural rate of healing is unusually fast.
When hurt, damage is shared between your health and your magic reserves.
Your bite disrupts and absorbs the magic of your enemies.
Potions cannot restore your health.


Message History

The adder is heavily wounded.
The adder misses you.
You slash the adder!
You kill the adder!
Found a leather armour.
You see here an adder corpse.
Found a shortbow.
You see here a +0 shortbow.
An iguana comes into view.
Found a ring mail.
The iguana hisses angrily.
A centaur comes into view.
A jelly comes into view.
The iguana moves out of view.
Found a tiny citrine amulet and a helmet.
The centaur wields a +0 orcbow.
The centaur shoots an arrow.
The arrow hits you!
Found a sling.
The jelly quivers.
The iguana bites you! The jelly hits you.
You are splashed with acid!
The iguana bites you but does no damage.
You slash the jelly!
Your hands burn!
You bite the jelly!
You kill the jelly!
The centaur unwields a +0 orcbow.
The centaur hits you but does no damage.
The centaur barely misses you. The iguana bites you.
* * * LOW HITPOINT WARNING * * *
The centaur wields a +0 orcbow.
The centaur shoots an arrow.
The arrow barely misses you. The iguana barely misses you.
The centaur shoots an arrow.
The arrow barely misses you.
The centaur shoots an arrow.
The arrow completely misses you. The iguana attacks as it pursues you!
The iguana bites you!
* * * LOW HITPOINT WARNING * * *
You see here a +0 shortbow.
The centaur shoots an arrow.
The arrow barely misses you. The iguana attacks as it pursues you!
The iguana completely misses you.
The centaur shoots an arrow.
The arrow barely misses you.
The centaur shoots an arrow.
The arrow barely misses you.
The centaur shoots an arrow.
The arrow hits you!
You die...

### ).. ##.#### #..
##..#[.# .... ###.@....###
....#### #.l.##.....###
.......## ##).###.....#.#
....[...####..###......#.##
.."....##.#...###.........#
#.....c........##....##
#...........#.###†...#
..............#####.....#
............##..#####...##


You could see a centaur and an iguana.

Vanquished Creatures
  Edmund (D:5)
  A centaur (D:4)
  A phantom (D:3)
  5 wights
  A jelly (D:5)
  2 orc priests (D:3)
  A hound (D:5)
  An iguana (D:4)
  Natasha (thrice) (D:4)
  2 orc wizards (D:3)
  4 gnolls (D:5)
  5 adders
  A shadow imp (D:4)
  A worm (D:2)
  2 dart slugs
  7 orcs
  7 ball pythons
  11 endoplasms
  2 giant cockroaches
  6 goblins
  4 hobgoblins
  4 jackals (D:3)
  6 quokkas
  7 bats
  A frilled lizard (D:2)
  10 kobolds
  3 rats
99 creatures vanquished.

Notes
Turn   | Place    | Note
-------+----------+-------------------------------------------
     0 | D:1      | Ivernyr the Vine Stalker Gladiator began the quest for the
                  | Orb.
     0 | D:1      | Reached XP level 1. HP: 11/11 MP: 2/2
    33 | D:1      | You fall into a shaft and drop 1 floor!
    64 | D:2      | Reached XP level 2. HP: 15/15 MP: 3/3
   165 | D:2      | Reached skill level 3 in Long Blades
   409 | D:1      | Reached XP level 3. HP: 16/18 MP: 2/4
   498 | D:1      | Found a faded altar of an unknown god.
   609 | D:1      | Found Puleang's Distillery.
  1293 | D:2      | Identified the +1 dagger "Becs" {venom, SInv}
  1390 | D:2      | Reached skill level 1 in Armour
  1567 | D:2      | Reached XP level 4. HP: 23/23 MP: 5/5
  1897 | D:3      | Noticed a phantom
  1909 | D:3      | Killed a phantom
  1910 | D:3      | Reached XP level 5. HP: 21/27 MP: 1/6
  2031 | D:3      | Reached skill level 4 in Long Blades
  2166 | D:3      | Reached XP level 6. HP: 3/32 MP: 0/7
  2463 | D:3      | Found a runed translucent gate.
  2486 | D:3      | Found a runed translucent gate.
  2487 | D:3      | Found a runed translucent gate.
  2487 | D:3      | Identified the +4 leather armour "Pionugg" {rN+}
  2489 | D:3      | Noticed Heedrag's ghost (weakling DsSh)
  2761 | D:2      | HP: 1/25 [wight/+0 dire flail (2)]
  2788 | D:2      | Reached XP level 7. HP: 29/32 MP: 3/8
  2865 | D:3      | Reached skill level 5 in Long Blades
  2981 | D:3      | Identified the +2 ring mail of Restlessness {rN+ Str+2
                  | Stlth-}
  3266 | D:4      | Noticed Natasha
  3277 | D:4      | Killed Natasha
  3681 | D:4      | Noticed Natasha
  3692 | D:4      | Killed Natasha
  3713 | D:5      | Entered Level 5 of the Dungeon
  3792 | D:4      | Noticed Natasha
  3806 | D:4      | Killed Natasha
  3995 | D:5      | Noticed Edmund
  4011 | D:5      | Killed Edmund
  4012 | D:5      | Gained mutation: You have razor-sharp teeth. [Vine Stalker
                  | growth]
  4012 | D:5      | Reached XP level 8. HP: 25/42 MP: 7/9
  4097 | D:5      | Shot with an arrow by a centaur

Illustrated notes

Levels and vault maps discovered:
D:1:      elethiomel_arrival_infinity_welcomes_careful_drivers,
          layout_loops_corners, serial_shops, nicolae_shop_rolling_square,
          shapermc_ecumenical_altar_starsandcircs
D:2:      layout_basic
D:3:      wander_river, layout_basic, biasface_ghost_orc_armoury
D:4:      layout_loops_cross, uniq_natasha
D:5:      layout_cave_pools, minmay_temple_entry_poolview, uniq_edmund

Skill      XL: |  1  2  3  4  5  6  7 |
---------------+----------------------+-----
Fighting       | 2 3 4 |  4.1
Long Blades    | 3 4 5 |  5.9
Armour         | 1 2 3 |  3.1
Dodging        | 3 4 |  4.1
Throwing       | |  1.7

Action                     |  1- 3 |  4- 6 |  7- 9 || total
---------------------------+-------+-------+-------++-------
  Melee: Long sword        |    98 |   130 |   118 ||   346
         Bite              |    19 |    40 |    39 ||    98
         Punch             |     2 |     2 |     2 ||     6
  Throw: Throwing net      |       |       |     3 ||     3
   Stab: Sleeping          |     3 |       |       ||     3
         Held in net/web   |       |       |     1 ||     1
 Armour: Leather armour    |    55 |   124 |   109 ||   288
  Dodge: Dodged            |    66 |   106 |   105 ||   277

Table legend: (Time is in decaauts)
 A = Elapsed time spent in this place.
 B = Non-inter-level travel time spent in this place.
 C = Inter-level travel time spent in this place.
 D = Time resting spent in this place.
 E = Time spent auto-exploring this place.
 F = Levels seen in this place.
 G = Mean time per level.
                   A        B        C        D        E       F      G
               +--------+--------+--------+--------+--------+-----+--------+
         Total |   4202 |   4094 |    108 |    224 |   2750 |   5 |  840.4 |
       Dungeon |   4202 |   4094 |    108 |    224 |   2750 |   5 |  840.4 |
               +--------+--------+--------+--------+--------+-----+--------+

Top non-repeatable levels by time:
     D:2: 1067 daAuts
     D:1: 1010 daAuts
     D:3: 1007 daAuts
     D:4: 855 daAuts
     D:5: 261 daAuts
